 Dungeon Crawl Stone Soup version 0.26-a0-851-g735459dd53 (webtiles) character file.

Game seed: 16169657210893532517

796 Froggeryz the Chiller (level 7, -2/66 HPs)
             Began as a Naga Ice Elementalist on Nov 21, 2020.
             Was an Initiate of Cheibriados.
             Slain by a two-headed ogre
             ... wielding a +0 giant club
              (13 damage)
             ... on level 5 of the Dungeon.
             The game lasted 00:10:26 (4541 turns).

Froggeryz the Chiller (Naga Ice Elementalist)       Turns: 4541, Time: 00:10:26

Health: -2/66      AC:  7    Str: 14    XL:     7   Next: 89%
Magic:  7/10       EV:  9    Int: 16    God:    Cheibriados [......]
Gold:   148        SH:  0    Dex: 12    Spells: 3/10 levels left

rFire    . . .     SeeInvis +     - Unarmed
rCold    . . .     Faith    .   (no shield)
rNeg     . . .     Spirit   .   t - +2 leather armour of Moeg {Regen+}
rPois    +         Reflect  .   d - +1 helmet
rElec    .         Harm     .   (no cloak)
rCorr    .         Rampage  .   (no gloves)
MR       .....                  (no barding)
Stlth    ++........             (no amulet)
HPRegen  0.61/turn              (no ring)
MPRegen  0.12/turn              (no ring)

@: frozen ramparts, very slow
A: large, see invisible, deformed body, poison resistance, slowness 2, spit
poison 1, AC +2
a: Spit Poison, Bend Time, Renounce Religion


You were on level 5 of the Dungeon.
You worshipped Cheibriados.
Cheibriados was noncommittal.
You visited 2 branches of the dungeon, and saw 6 of its levels.

You collected 148 gold pieces.

Inventory:

Missiles
 c - 3 poisoned darts (quivered)
Armour
 d - a +1 helmet (worn)
 t - the +2 leather armour of Moeg (worn) {Regen+}
   (You found it on level 4 of the Dungeon)

   It increases your rate of regeneration.
Wands
 p - a wand of iceblast (6)
 q - a wand of paralysis (7)
 s - a wand of flame (13)
Scrolls
 a - a scroll of immolation
 b - 2 scrolls of enchant armour
 f - a scroll of amnesia {unknown}
 k - 2 scrolls of noise {unknown}
 l - 2 scrolls of remove curse {unknown}
 m - 2 scrolls of fog
 r - a scroll of fear {unknown}
Potions
 e - 2 potions of curing
 g - 2 potions of mutation
 h - a potion of magic
 j - a potion of might
 n - 2 potions of berserk rage {unknown}
 o - a potion of flight {unknown}
 u - a potion of brilliance {unknown}
 v - a potion of attraction


   Skills:
 + Level 4.3 Fighting
 - Level 1.5 Dodging
 - Level 3.0 Stealth
 + Level 5.0 Unarmed Combat
 - Level 2.0 Spellcasting
 + Level 6.3 Ice Magic


You had 3 spell levels left.
You knew the following spells:

 Your Spells              Type           Power        Failure   Level
a - Freeze                Ice            ###.         1%          1
b - Frozen Ramparts       Ice            ###...       6%          3
c - Ozocubu's Armour      Ice            ###.....     6%          3

Your spell library contained the following spells:

 Spells                   Type           Power        Failure   Level
 Hailstorm                Conj/Ice       ##......     56%         4
 Summon Ice Beast         Ice/Summ       ##......     56%         4


Dungeon Overview and Level Annotations

Branches:
Dungeon (5/15)             Temple (1/1) D:5

Altars:
Ashenzari
Cheibriados
Dithmenos
Elyvilon
Fedhas
Gozag
Hepliaklqana
Kikubaaqudgha
Makhleb
Nemelex Xobeh
Okawaru
Qazlal
Ru
Sif Muna
Trog
Uskayaw
Vehumet
Wu Jian
Xom
Yredelemnul
Zin
The Shining One

Annotations:
D:5 Prince Ribbit


Innate Abilities, Weirdness & Mutations

You cannot wear boots.
Your serpentine skin is tough. (AC +2)
You have supernaturally acute eyesight. (SInv)
Armour fits poorly on your strangely shaped body.
Your system is resistant to poisons. (rPois)
You cover ground very slowly.
You can spit poison.


Message History

Press: ? - help, Shift-Dir - straight line, f/p - two-headed ogre
Aim: a two-headed ogre, wielding two +0 giant clubs (moderately wounded, chance to defeat MR: 28%)
The two-headed ogre easily resists.
The wall freezes the two-headed ogre.
The two-headed ogre misses you.
The two-headed ogre hits you with a +0 giant club!
Evoke which item? (* to show all) (? for menu, Esc to quit)
Aiming: Paralyse
Press: ? - help, Shift-Dir - straight line, f/p - two-headed ogre
Aim: a two-headed ogre, wielding two +0 giant clubs (moderately wounded, chance to defeat MR: 28%)
The two-headed ogre easily resists.
You have got your breath back.
Evoke which item? (* to show all) (? for menu, Esc to quit)
Aiming: Paralyse
Press: ? - help, Shift-Dir - straight line, f/p - two-headed ogre
Aim: a two-headed ogre, wielding two +0 giant clubs (moderately wounded, chance to defeat MR: 28%)
The two-headed ogre easily resists.
The wall freezes the two-headed ogre.
The two-headed ogre hits you with a +0 giant club!
* * * LOW HITPOINT WARNING * * *
The two-headed ogre hits you with a +0 giant club!
You die...

).............................#
...........>#####.............#
.........##.# ##..#############
............###...#
..#####.....##....# ###
#.........### ..####....# .#
#...#.######## # #.....@.......
. #.##..O##..... # #. ###.. .$.
. .. ###. . # . .. .. ... ...
..


You could see a two-headed ogre.

Vanquished Creatures
  An ice beast (D:5)
  An ogre (D:4)
  A centaur (D:5)
  A scorpion (D:4)
  2 hounds (D:5)
  A bullfrog skeleton (D:4)
  An orc wizard (D:3)
  Ijyb (D:4)
  Terence (D:3)
  An iguana (D:4)
  2 worker ants (D:4)
  Robin (D:2)
  7 gnolls (D:3)
  4 adders
  An ooze (D:3)
  7 worms
  4 dart slugs
  2 leopard geckos (D:1)
  13 orcs
  6 bats
  6 giant cockroaches
  14 goblins
  14 hobgoblins
  3 quokkas
  2 ball pythons
  5 frilled lizards
  4 kobolds
  11 rats
117 creatures vanquished.

Notes
Turn   | Place    | Note
-------+----------+-------------------------------------------
     0 | D:1      | Froggeryz the Naga Ice Elementalist began the quest for the
                  | Orb.
     0 | D:1      | Reached XP level 1. HP: 15/15 MP: 3/3
    59 | D:1      | Reached XP level 2. HP: 13/22 MP: 0/5
   506 | D:1      | Reached XP level 3. HP: 28/28 MP: 6/6
   931 | D:2      | Reached skill level 1 in Unarmed Combat
   931 | D:2      | Reached skill level 5 in Ice Magic
   955 | D:2      | Found a sacrificial altar of Ru.
  1131 | D:2      | Noticed Robin
  1167 | D:2      | Killed Robin
  1168 | D:2      | Reached XP level 4. HP: 24/36 MP: 0/7
  1179 | D:2      | Learned a level 3 spell: Frozen Ramparts
  2116 | D:3      | Reached skill level 1 in Fighting
  2116 | D:3      | Reached XP level 5. HP: 44/44 MP: 4/8
  2287 | D:3      | Noticed Terence
  2296 | D:3      | Killed Terence
  2300 | D:3      | Reached XP level 6. HP: 49/54 MP: 5/9
  3030 | D:4      | Learned a level 3 spell: Ozocubu's Armour
  3583 | D:4      | Noticed Ijyb
  3595 | D:4      | Killed Ijyb
  3596 | D:4      | Reached XP level 7. HP: 53/62 MP: 7/10
  3624 | D:4      | Got a heavily runed leather armour
  3728 | D:4      | Found a sparkling altar of Nemelex Xobeh.
  4030 | D:4      | Identified the +2 leather armour of Moeg {Regen+} (You
                  | found it on level 4 of the Dungeon)
  4055 | D:5      | Entered Level 5 of the Dungeon
  4082 | D:5      | Found a staircase to the Ecumenical Temple.
  4093 | D:5      | Noticed Prince Ribbit
  4183 | D:5      | Reached skill level 6 in Ice Magic
  4339 | Temple   | Entered the Ecumenical Temple
  4461 | Temple   | Became a worshipper of Cheibriados the Contemplative
  4505 | D:5      | Reached skill level 5 in Unarmed Combat
  4536 | D:5      | Noticed a two-headed ogre
  4541 | D:5      | Slain by a two-headed ogre

Illustrated notes

Levels and vault maps discovered:
D:1:      grunt_arrival_crossed_arrows, layout_basic, nrook_mini_vaults
D:2:      layout_basic, nicolae_ru_awakened_eye, uniq_robin
D:3:      minmay_general_purpose_star, layout_loops_ring, uniq_terence
D:4:      layout_gridville, lemuel_round_altar, cheibrodos_sewer_entry_bend,
          uniq_ijyb
D:5:      layout_rooms, minmay_temple_entry_stoned_glass, serial_shops,
          nicolae_shop_crystal, uniq_pikel, uniq_prince_ribbit1
Temple:   regret_index_temple_chain_breaker

Skill      XL: |  1  2  3  4  5  6  7 |
---------------+----------------------+-----
Unarmed Combat | 1 2 3 4 5 |  5.0
Ice Magic      | 5 6 |  6.3
Fighting       | 1 2 3 4 |  4.3
Dodging        | |  1.5
Stealth        | |  3.0
Spellcasting   | |  2.0

Action                   |  1- 3 |  4- 6 |  7- 9 || total
-------------------------+-------+-------+-------++-------
Melee: Unarmed           |    23 |   117 |    18 ||   158
Throw: Dart              |       |     1 |     1 ||     2
 Cast: Freeze            |    35 |    12 |    15 ||    62
       Frozen Ramparts   |       |    10 |     3 ||    13
 Abil: Spit Poison       |    34 |    29 |    11 ||    74
Evoke: Wand              |       |       |     7 ||     7
  Use: Scroll            |       |     5 |     2 ||     7
 Stab: Sleeping          |       |     4 |       ||     4
Armor: Robe              |    13 |    33 |       ||    46
       Leather armour    |       |       |    15 ||    15
Dodge: Dodged            |    29 |    58 |    29 ||   116

Table legend: (Time is in decaauts)
 A = Elapsed time spent in this place.
 B = Non-inter-level travel time spent in this place.
 C = Inter-level travel time spent in this place.
 D = Time resting spent in this place.
 E = Time spent auto-exploring this place.
 F = Levels seen in this place.
 G = Mean time per level.
                   A        B        C        D        E       F      G
               +--------+--------+--------+--------+--------+-----+--------+
         Total |   5715 |   5552 |    163 |    315 |   4018 |   6 |  952.5 |
       Dungeon |   5524 |   5389 |    135 |    315 |   3857 |   5 | 1104.8 |
        Temple |    191 |    164 |     27 |      0 |    161 |   1 |  191.0 |
               +--------+--------+--------+--------+--------+-----+--------+

Top non-repeatable levels by time:
     D:2: 1384 daAuts
     D:4: 1369 daAuts
     D:3: 1300 daAuts
     D:1: 1071 daAuts
     D:5: 398 daAuts
  Temple: 191 daAuts
